 Dungeon Crawl Stone Soup version 0.23.0 (webtiles) character file.

Game seed: 12840651144540489868

112 redwoodhats the Ruffian (level 4, 0/35 (37) HPs)
             Began as a Ghoul Skald on Feb 10, 2019.
             Slain by a gnoll
             ... wielding a +0 halberd
              (8 damage)
             ... on level 3 of the Dungeon.
             The game lasted 00:09:48 (2217 turns).

redwoodhats the Ruffian (Ghoul Skald)               Turns: 2217, Time: 00:09:48

HP:   0/35 (37)     AC:  4    Str: 17    XL:     4   Next: 95%
MP:   0/6           EV: 12    Int:  9    God:
Gold: 219           SH:  0    Dex:  8    Spells: 6/7 levels left

rFire    . . .     SeeInvis .     - Unarmed
rCold    + . .     Gourm    .   (no shield)
rNeg     + + +     Faith    .   a - +0 leather armour
rPois    ∞         Spirit   .   h - +0 helmet
rElec    .         Reflect  .   (no cloak)
rCorr    .         Harm     .   (no gloves)
MR       .....                  (no boots)
Stlth    +.........             (no amulet)
HPRegen  0.00/turn              e - +3 ring of strength
MPRegen  0.10/turn              (no ring)

@: infused (expiring), rotting
A: rotting body, claws 1, carnivore, cold resistance 1, negative energy
resistance 3, inhibited regeneration, torment resistance, unbreathing
a: no special abilities


You were on level 3 of the Dungeon.
You were not hungry.

You visited 1 branch of the dungeon, and saw 3 of its levels.

You collected 219 gold pieces.

Inventory:

Armour
 a - a +0 leather armour (worn)
 d - a +0 pair of gloves
 h - a +0 helmet (worn)
 i - a +0 pair of boots
Jewellery
 e - a +3 ring of strength (left claw)
Scrolls
 b - 2 scrolls of remove curse
 g - a scroll of magic mapping
Potions
 f - a potion of berserk rage {unknown}
Comestibles
 c - 5 rations


   Skills:
 + Level 2.4 Fighting
 + Level 1.4 Armour
 + Level 2.3 Dodging
 + Level 0.7 Stealth
 + Level 3.8 Unarmed Combat
 + Level 2.2 Spellcasting
 + Level 3.0 Charms


You had 6 spell levels left.
You knew the following spells:

 Your Spells              Type           Power        Failure   Level  Hunger
a - Infusion              Chrm           #...         12%         1    ##.....

Your spell library contained the following spells:

 Spells                   Type           Power        Failure   Level  Hunger
 Song of Slaying          Chrm           #.......     17%         2    ###....
 Shroud of Golubria       Chrm/Tloc      #.........   32%         2    ###....
 Regeneration             Chrm/Necr      #.........   54%         3    ####...
 Spectral Weapon          Hex/Chrm       #.......     54%         3    ####...


Dungeon Overview and Level Annotations

Branches:
Dungeon (3/15)

Altars:
Cheibriados
Kikubaaqudgha
Wu Jian


Innate Abilities, Weirdness & Mutations

Your body is rotting away.
You thrive on raw meat.
You are immune to poison.
You have sharp fingernails.
You are carnivorous and can eat meat at any time.
Your flesh is cold resistant. (rC+)
You are immune to negative energy. (rN+++)
You do not regenerate when monsters are visible.
You are immune to unholy pain and torment.
You can survive without breathing.


Message History

The gnoll is lightly wounded.
You claw the gnoll!
The gnoll is severely wounded.
The gnoll hits you. The gnoll barely misses you.
You closely miss the gnoll.
The gnoll is severely wounded.
The gnoll hits you!
* * * LOW HITPOINT WARNING * * *
Your magical infusion is running out.
You scratch the gnoll.
The gnoll is almost dead.
The gnoll misses you.
You scratch the gnoll.
You kill the gnoll!
You claw the goblin!
You kill the goblin!
The gnoll hits you but does no damage.
Items here: ))) ††† The gnoll hits you with a +0 halberd!
You die...

##............#
#..#..........#
.........>###.#
#.......#_#.######
##.......≈≈≈......#
......^..≈≈≈≈≈####.#
.###.....≈≈.≈≈# ##.#
....####≈≈≈≈≈###..#
########.≈≈≈g@).<##
#........######
#........#
######........#
##.<.##........#
...............##
................#
......#.........#
..................


You could see a gnoll.

Vanquished Creatures
  An orc wizard (D:2)
  An adder (D:2)
  2 gnolls (D:3)
  An ooze (D:1)
  A worm (D:2)
  5 dart slugs
  3 orcs (D:2)
  A ball python (D:1)
  3 bats
  3 giant cockroaches
  6 hobgoblins
  4 kobolds
  2 frilled lizards
  4 goblins
  3 rats
40 creatures vanquished.

Vanquished Creatures (others)
  A bat (D:2)
1 creature vanquished.

Grand Total: 41 creatures vanquished

Notes
Turn   | Place    | Note
-------+----------+-------------------------------------------
     0 | D:1      | redwoodhats the Ghoul Skald began the quest for the Orb.
     0 | D:1      | Reached XP level 1. HP: 17/17 MP: 2/2
   376 | D:1      | Reached XP level 2. HP: 15/24 MP: 4/4
   453 | D:1      | Reached skill level 1 in Armour
  1200 | D:2      | Reached XP level 3. HP: 20/29 MP: 5/5
  1324 | D:2      | Found an ancient bone altar of Kikubaaqudgha.
  1603 | D:2      | Reached XP level 4. HP: 18/37 MP: 0/6
  1746 | D:2      | Found an ornate altar of the Wu Jian Council.
  1936 | D:3      | Found a snail-covered altar of Cheibriados.
  2217 | D:3      | Slain by a gnoll

Skill      XL: |  1  2  3  4 |
---------------+-------------+-----
Spellcasting   | 2 |  2.2
Armour         | 1 |  1.4
Unarmed Combat | 3 |  3.8
Dodging        | 2 |  2.3
Charms         | 3 |  3.0
Fighting       | |  2.4
Stealth        | |  0.7

Action                   |  1- 3 |  4- 6 || total
-------------------------+-------+-------++-------
Melee: Unarmed           |   100 |    48 ||   148
 Cast: Infusion          |     8 |     3 ||    11
  Use: Scroll            |     5 |       ||     5
       Potion            |     4 |     1 ||     5
  Eat: Chunk             |     4 |     7 ||    11
Armor: Leather armour    |    41 |    10 ||    51
Dodge: Dodged            |    78 |    20 ||    98
